 Dungeon Crawl Stone Soup version 0.18.1-8-gdd0e5ea (webtiles) character file.

237 Shtopit the Cudgeler (level 6, -3/99 HPs)
             Began as an Ogre Berserker on May 23, 2016.
             Was a Priest of Trog.
             Slain by a goblin
             ... wielding a +0 dagger
             ... led by Robin
              (7 damage)
             ... on level 4 of the Dungeon.
             The game lasted 00:10:04 (3701 turns).

Shtopit the Cudgeler (Ogre Berserker)               Turns: 3701, Time: 00:10:04

Health: -3/99      AC:  3    Str: 28    XL:     6   Next: 6%
Magic:  6/6        EV: 11    Int:  6    God:    Trog [***...]
Gold:   197        SH:  0    Dex: 11    Spells: 0 memorised, 5 levels left

rFire  . . .     SeeInvis .     a - +0 mace
rCold  . . .     Gourm    .     b - +0 animal skin
rNeg   . . .     Faith    .     (no shield)
rPois  .         Spirit   .     (helmet restricted)
rElec  .         Dismiss  .     (no cloak)
rCorr  .         Reflect  .     (gloves unavailable)
SustAt .         Harm     .     (boots unavailable)
MR     ++...                    (no amulet)
Stlth  ..........               (no ring)
                                (no ring)

@: berserking, regenerating, very quick, very resistant to hostile enchantments,
extremely unstealthy
A: unfitting armour, tough skin 1
a: Berserk, Trog's Hand, Burn Spellbooks, Renounce Religion


You were on level 4 of the Dungeon.
You worshipped Trog.
Trog was most pleased with you.
You were not hungry.

You visited 1 branch of the dungeon, and saw 4 of its levels.

You collected 197 gold pieces.

Inventory:

Hand Weapons
 a - a +0 mace (weapon)
Missiles
 d - 31 poisoned needles
Armour
 b - a +0 animal skin (worn)
Jewellery
 t - an uncursed ring of protection from fire {unknown}
 v - a cursed -3 ring of strength {unknown}
Scrolls
 f - a scroll of magic mapping {unknown}
 g - 7 scrolls of identify {unknown}
 k - a scroll of enchant armour {unknown}
 l - a scroll of random uselessness {unknown}
 q - 2 scrolls of recharging {unknown}
 r - a scroll of noise {unknown}
 s - a scroll of amnesia {unknown}
 u - 2 scrolls of fog {unknown}
 x - a scroll of remove curse {unknown}
Potions
 e - 2 potions of curing {unknown}
 h - 3 potions of cure mutation {unknown}
 m - a potion of invisibility {unknown}
 o - a potion of agility {unknown}
 p - a potion of heal wounds {unknown}
 w - a potion of ambrosia {unknown}
Comestibles
 c - 3 bread rations
 i - 3 meat rations
 n - 4 fruits


   Skills:
 + Level 5.2 Fighting
 * Level 5.7 Maces & Flails
 + Level 4.7 Dodging


You had 5 spell levels left.
You didn't know any spells.

Dungeon Overview and Level Annotations

Branches:
Dungeon (4/15)
 Temple: D:4-7

Altars:
Trog

Annotations:
D:4 Robin


Innate Abilities, Weirdness & Mutations

You are too large for most types of armour.
You have tough skin (AC +1).


Message History

The goblin goes into a battle-frenzy!
The goblin hits you with a dagger.
* * * LOW HITPOINT WARNING * * *
You continue eating.
The goblin hits you but does no damage. The goblin hits you with a dagger.
* * * LOW HITPOINT WARNING * * *
You finish eating.
That royal jelly was delicious!
A red film seems to cover your vision as you go berserk!
You feel yourself moving faster!
You feel mighty!
You feel quite a bit more hungry. The goblin closely misses you.
The goblin hits you with a dagger!
* * * LOW HITPOINT WARNING * * *
You hit the goblin.
You kill the goblin!
Trog accepts your kill. Robin throws the goblin at you!
* * * LOW HITPOINT WARNING * * *
The goblin closely misses you.
You closely miss the goblin. The goblin hits you with a dagger!
You die...

...+....# #####.####
####....# #........#
##'#######........#..#
#####.#
#..+........#..#
......#
#.##........#..#
#######
#.#.....<#..#..# #
#.#.######..#..# #
##'#'######g....#
#####
#....(.g@gg.(...#
#...#
#.....#######...#
#...#
###.....##........#
#...#
#.......##.####.#g#
#...# #.#.....# #g..#
#...###.#.....#


ggg # ........####### .g.. ######### .... .....# You could see Robin, a
hobgoblin and 2 goblins.

Vanquished Creatures
  A scorpion (D:4)
  An iguana (D:4)
  3 adders (D:2)
  5 oozes
  3 worms (D:2)
  6 dart slugs
  3 giant geckos
  3 orcs (D:3)
  6 giant cockroaches
  13 hobgoblins
  2 jackals (D:3)
  2 quokkas
  7 bats
  5 giant newts
  15 goblins
  7 kobolds
  7 rats
89 creatures vanquished.

Notes
Turn   | Place    | Note
--------------------------------------------------------------
     0 | D:1      | Shtopit the Ogre Berserker began the quest for the Orb.
     0 | D:1      | Reached XP level 1. HP: 24/24 MP: 1/1
    94 | D:1      | Reached XP level 2. HP: 30/32 MP: 2/2
   325 | D:1      | Reached XP level 3. HP: 40/40 MP: 3/3
   425 | D:1      | Reached ** piety under Trog
  1233 | D:2      | Reached XP level 4. HP: 49/49 MP: 4/4
  1905 | D:2      | Reached skill level 5 in Maces & Flails
  1934 | D:2      | Reached XP level 5. HP: 44/55 MP: 5/5
  1936 | D:2      | Reached skill level 5 in Fighting
  2275 | D:3      | Reached *** piety under Trog
  3378 | D:4      | Found a bloodstained altar of Trog.
  3470 | D:4      | Reached XP level 6. HP: 46/66 MP: 6/6
  3648 | D:4      | Noticed Robin
  3699 | D:4      | HP: 4/99 [goblin/dagger[Robin] (7)]
  3701 | D:4      | Slain by a goblin

Skill      XL: |  1  2  3  4  5 |
---------------+----------------+-----
Dodging        | 3 4 |  4.7
Maces & Flails | 5 |  5.7
Fighting       | 5 |  5.2

Action                   |  1- 3 |  4- 6 || total
-------------------------+-------+-------++-------
Melee: Mace              |   104 |   208 ||   312
Invok: Berserk           |     3 |     1 ||     4
       Trog's Hand       |       |     1 ||     1
 Stab: Sleeping          |       |     1 ||     1
  Eat: Chunk             |     3 |     8 ||    11
       Royal jelly       |       |     1 ||     1
Armor: Animal skin       |    46 |    79 ||   125
Dodge: Dodged            |    86 |   158 ||   244
